Map: The Vermillion Problem

Players

wasp

  • Race: Protoss Protoss
  • Spawn Location: 11:00

NamroodTuo

  • Race: Terran Terran
  • Spawn Location: 11:00

VOD

Have the link to the VOD?

Description

Time

  • Played on: Jan. 27, 2023, 3:44 p.m.
  • Length: 23:38
Show
View Real Time Build Order
Export as new Build Order

wasp Protoss 

Build Orders:  

Get SALT Encoding   

  12  0:09  Probe (Chrono Boost)  
  13  0:21  Probe (Chrono Boost)  
  14  0:35  Pylon  
  14  0:42  Pylon  
  14  0:53  Assimilator  
  14  1:04  Probe (Chrono Boost), Assimilator  
  15  1:16  Probe (Chrono Boost)  
  16  1:28  Probe (Chrono Boost)  
  17  1:40  Probe (Chrono Boost)  
  18  1:52  Probe (Chrono Boost)  
  19  2:04  Probe (Chrono Boost)  
  20  2:29  Gateway  
  20  2:35  Gateway  
  20  2:43  Forge  
  20  2:52  Pylon  
  20  2:58  Pylon  
  20  3:06  Pylon  
  20  3:16  Pylon  
  20  3:18  Pylon  
  20  3:20  Probe (Chrono Boost)  
  21  3:32  Probe (Chrono Boost)  
  22  3:44  Probe (Chrono Boost)  
  23  3:53  Sentinel  
  23  3:54  Sentinel  
  27  4:27  Sentinel  
  29  4:45  Pylon  
  29  4:48  Pylon  
  29  4:51  Pylon  
  29  5:00  Sentinel  
  29  5:05  Sentinel  
  29  5:06  Pylon  
  33  5:55  Sentinel  
  33  5:56  Sentinel  
  37  6:28  Sentinel  
  37  6:29  Sentinel  
  37  6:31  Protoss Ground Weapons Level 1  
  41  6:46  Solar Efficiency Level 1  
  41  7:20  Probe (Chrono Boost)  
  41  7:22  Cybernetics Core  
  41  7:25  Sentinel  
  42  7:32  Probe (Chrono Boost)  
  45  7:44  Probe (Chrono Boost)  
  46  7:56  Probe (Chrono Boost)  
  47  8:08  Probe (Chrono Boost), Khaydarin Monolith  
  48  8:26  Energizer  
  48  8:27  Khaydarin Monolith, Energizer  
  52  8:50  Protoss Ground Armor Level 1  
  52  8:58  Sentinel  
  52  8:59  Sentinel  
  56  9:50  Protoss Shields Level 1  
  56  10:43  Protoss Air Weapons Level 1  
  56  10:48  Warp Gate  
  46  11:11  Sentinel  
  46  11:18  Sentinel  
  46  11:40  Probe (Chrono Boost)  
  46  11:43  Probe (Chrono Boost)  
  46  11:49  Probe (Chrono Boost)  
  55  12:01  Probe (Chrono Boost)  
  56  12:13  Probe (Chrono Boost)  
  53  13:02  Protoss Air Armor Level 1  
  43  15:39  Sentinel  
  45  15:40  Sentinel  
  26  16:39  Sentinel  
  28  16:40  Sentinel  
  30  17:15  Sentinel x2  
  34  17:42  Sentinel  
  34  17:43  Sentinel  
  23  19:25  Sentinel x2  
  27  19:45  Probe (Chrono Boost)  
  28  19:57  Probe (Chrono Boost)  
  29  20:05  Gateway  
  29  20:09  Probe (Chrono Boost)  
  29  20:13  Gateway  
  29  20:19  Gateway  
  30  20:21  Probe (Chrono Boost)  
  30  20:28  Gateway  
  31  20:31  Gateway  
  31  20:33  Probe (Chrono Boost)  
  31  20:35  Gateway  
  32  20:44  Gateway  
  32  21:54  Sentinel x2  
  32  21:55  Sentinel x3  
  32  21:56  Sentinel x3  
  48  22:21  Sentinel  
  48  22:22  Sentinel x2  
  48  22:23  Sentinel x2  
  48  22:24  Sentinel  
Show
View Real Time Build Order
Export as new Build Order

NamroodTuo Terran 

Build Orders:  

Get SALT Encoding   

  12  0:02  SCV  
  13  0:14  SCV  
  14  0:26  SCV  
  15  0:36  Supply Depot  
  15  0:54  Factory  
  15  0:58  SCV  
  15  1:09  SCV  
  17  1:21  SCV  
  18  1:30  Perdition Turret  
  18  1:44  Perdition Turret  
  18  1:46  SCV  
  19  1:58  SCV  
  19  2:02  Supply Depot  
  20  2:10  SCV  
  20  2:11  Perdition Turret  
  21  2:22  SCV  
  22  2:41  Perdition Turret  
  22  2:49  Devastation Turret  
  22  2:57  SCV  
  23  3:08  Devastation Turret  
  23  3:09  SCV  
  24  3:20  SCV  
  25  3:31  Devastation Turret  
  25  3:32  SCV  
  26  3:44  SCV  
  27  3:59  Perdition Turret  
  27  4:15  Devastation Turret  
  27  4:16  Devastation Turret  
  27  4:33  Perdition Turret x2  
  27  4:34  Perdition Turret x2  
  27  4:38  Armory  
  27  4:46  Refinery  
  27  4:51  SCV  
  27  4:52  Refinery  
  28  5:03  SCV  
  29  5:13  Perdition Turret  
  29  5:31  Devastation Turret  
  29  5:48  SCV  
  29  5:59  SCV  
  31  6:20  Perdition Turret x2  
  31  6:24  Supply Depot  
  31  6:25  Upgrade Laser Drill Level 1  
  31  6:34  SCV  
  31  6:36  Devastation Turret  
  32  6:46  SCV  
  33  6:57  SCV  
  33  6:58  Advanced Optics  
  33  7:00  Supply Depot  
  34  7:20  Supply Depot  
  34  7:46  Engineering Bay  
  34  7:52  Supply Depot  
  34  8:12  Upgrade Laser Drill Level 2  
  34  8:25  Supply Depot  
  34  8:59  Spinning Dizzy  
  34  9:14  Spinning Dizzy  
  34  9:15  Spinning Dizzy  
  34  9:30  Spinning Dizzy  
  34  9:33  Spinning Dizzy  
  34  9:41  Starport, Regenerative Bio-Steel  
  34  9:52  Spinning Dizzy  
  34  9:53  Fire-Suppression Systems  
  34  10:28  Supply Depot  
  34  10:32  Perdition Turret  
  34  10:34  Perdition Turret  
  34  10:36  Perdition Turret x2  
  33  10:41  Perdition Turret  
  33  10:58  Supply Depot  
  33  11:03  Spinning Dizzy  
  33  11:21  Perdition Turret  
  33  11:23  Spinning Dizzy  
  33  11:24  Perdition Turret  
  33  11:33  Supply Depot  
  33  11:41  Devastation Turret  
  33  11:46  Devastation Turret  
  33  11:47  Perdition Turret x2  
  33  11:48  Perdition Turret  
  33  11:50  Perdition Turret x2  
  33  11:54  Perdition Turret x3  
  33  12:02  Perdition Turret  
  33  12:06  Supply Depot  
  33  12:10  Devastation Turret  
  33  12:28  KMC Auto-Loaders  
  33  12:30  Starport Tech Reactor  
  33  12:36  Starport  
  33  12:38  Supply Depot  
  33  12:39  Devastation Turret  
  33  12:46  SCV  
  34  12:58  SCV  
  34  13:06  Devastation Turret  
  35  13:18  SCV  
  35  13:20  Devastation Turret  
  35  13:21  Devastation Turret  
  36  13:30  SCV  
  36  13:35  Starport Tech Reactor  
  37  13:42  SCV  
  37  13:49  Devastation Turret  
  38  13:50  Structure Armor  
  38  13:54  SCV, Science Vessel  
  38  13:55  Wraith  
  39  14:05  Pulse Amplifier  
  43  14:10  Displacement Field  
  43  14:33  Devastation Turret  
  43  14:42  Hi-Sec Auto Tracking  
  43  14:46  Perdition Turret  
  43  14:47  Perdition Turret, Devastation Turret  
  42  15:06  Supply Depot  
  42  15:08  Wraith  
  42  15:14  Science Vessel  
  42  15:16  Terran Vehicle and Ship Weapons Level 1  
  44  15:23  Wraith  
  48  15:59  Starport  
  48  16:02  Wraith  
  50  16:33  Spinning Dizzy  
  50  16:44  Spinning Dizzy  
  50  16:47  Spinning Dizzy  
  50  16:48  Spinning Dizzy  
  50  17:00  Wraith  
  50  17:02  Spinning Dizzy  
  52  17:19  Wraith  
  52  17:27  Defensive Matrix  
  52  17:28  Improved Nano-Repair  
  54  17:31  Starport Tech Reactor  
  54  17:35  Terran Vehicle And Ship Armor Level 1  
  54  18:36  Wraith  
  54  18:37  Wraith  
  54  18:40  Wraith, Devastation Turret  
  60  18:56  Perdition Turret  
  60  18:57  Perdition Turret  
  60  19:06  Science Vessel x2  
  60  19:07  Wraith  
  64  19:35  Perdition Turret  
  64  19:36  Perdition Turret  
  64  19:46  Perdition Turret x2  
  64  19:48  Perdition Turret  
  63  19:50  Terran Vehicle and Ship Weapons Level 2  
  61  20:03  Wraith  
  61  20:04  Wraith x3  
  69  20:32  Wraith  
  69  20:33  Wraith  
  63  22:41  Perdition Turret  
  63  22:42  Perdition Turret  
  63  22:54  Perdition Turret  
Tags
 
Add a new tag
Caveats
  • Supply blocks, unpowered buildings, or Contaminate may cause inaccurate times.
  • Supply counts are checked every 10 seconds.